 Dungeon Crawl Stone Soup version 0.28.0 (webtiles) character file.

Game seed: 13754609957685687223

8427 RighteousDevil the Spear-Bearer (level 11, -3/99 HPs)
             Began as a Ghoul Gladiator on Feb 14, 2022.
             Was an Elder of Ashenzari.
             Slain by a death knight (6 damage)
             ... on level 9 of the Dungeon.
             The game lasted 00:23:31 (10215 turns).

RighteousDevil the Spear-Bearer (Ghoul Gladiator)  Turns: 10215, Time: 00:23:32

Health: -3/99      AC: 21    Str: 21    XL:     11   Next: 30%
Magic:  0/10       EV: 11    Int: 10    God:    Ashenzari [****..]
Gold:   64         SH:  0    Dex: 14    Spells: 11/11 levels left

rFire   . . .      SeeInvis +   a - +6 trident "Astrological Seeker" {elec, Fragile rCorr Int+5 Dex+4, Cun, Self} (curse)
rCold   + . .      Faith    .   d - orb of the Sublime Inaction {mayhem, Melee, Self} (curse)
rNeg    + + +      Spirit   +   B - +0 chain mail "Hogakhliba" {Will+}
rPois   ∞          Reflect  .   c - +0 helmet of the Enigmatic Regret {Alch, Fort} (curse)
rElec   .          Harm     .   o - +2 cloak
rCorr   +          Rampage  .   e - +0 pair of gloves of Ashenzari's Elitism {Self, Melee} (curse)
Will    +....      Clarity  +   y - +1 pair of boots "Eternal With Me" {Fly, Range, Fort} (curse)
Stlth   ..........              i - amulet of the Prescient Pleiades {Spirit, Comp, Melee} (curse)
HPRegen 0.00/turn               (no ring)
MPRegen 0.12/turn               (no ring)

@: flying, inhibited regen
A: claws 1, cold resistance 1, negative energy resistance 3, inhibited
regeneration, torment resistance 2
a: Renounce Religion, Shatter the Chains


You were on level 9 of the Dungeon.
You worshipped Ashenzari.
Ashenzari was greatly pleased with you.
You visited 2 branches of the dungeon, and saw 10 of its levels.
You also visited: Bailey.

You collected 984 gold pieces.
You spent 920 gold pieces at shops.

Inventory:

Hand Weapons
 a - the cursed +6 trident "Astrological Seeker" (weapon) {elec, Fragile rCorr Int+5 Dex+4, Cun, Self}
   (You found it on level 5 of the Dungeon)

   It occasionally discharges a powerful burst of electricity upon striking a
   foe.
   Int:       It affects your intelligence (+5).
   Dex:       It affects your dexterity (+4).
   rCorr:     It protects you from acid and corrosion.
   Fragile:   It will be destroyed if unequipped.
   It has a curse which improves the following skills: Cunning: Dodging and
   Stealth.
   Introspection: Fighting and Spellcasting.
 b - a +0 long sword
Missiles
 f - 3 javelins (quivered)
Armour
 c - the cursed +0 helmet of the Enigmatic Regret (worn) {Alch, Fort}

   It has a curse which improves the following skills: Alchemy: Poison Magic and
   Transmutations.
   Fortitude: Armour and Shields.
 d - the cursed orb of the Sublime Inaction (worn) {mayhem, Melee, Self}
   (You found it on level 4 of the Dungeon)

   It has a curse which improves the following skills: Melee Combat: Short
   Blades, Long Blades, Axes, Maces & Flails, Polearms, Staves and Unarmed
   Combat.
   Introspection: Fighting and Spellcasting.
 e - the cursed +0 pair of gloves of Ashenzari's Elitism (worn) {Self, Melee}
   (You found it on level 1 of the Dungeon)

   It has a curse which improves the following skills: Introspection: Fighting
   and Spellcasting.
   Melee Combat: Short Blades, Long Blades, Axes, Maces & Flails, Polearms,
   Staves and Unarmed Combat.
 o - a +2 cloak (worn)
 t - the +1 pair of boots of Xounaerch {Slay+5}
   (You bought it in a shop on level 1 of the Dungeon)

   Slay:      It affects your accuracy & damage with ranged weapons and melee
   (+5).
 y - the cursed +1 pair of boots "Eternal With Me" (worn) {Fly, Range, Fort}
   (You bought it in a shop on level 5 of the Dungeon)

   It has a curse which improves the following skills: Ranged Combat: Slings,
   Bows, Crossbows and Throwing.
   Fortitude: Armour and Shields.
 B - the +0 chain mail "Hogakhliba" (worn) {Will+}
   (You bought it in a shop on level 1 of the Dungeon)

   Will:      It increases your willpower.
Jewellery
 h - the amulet "Duum" {RegenMP Will+ Regen+}
   (You found it in a bailey)

   [amulet of magic regeneration]

   It increases your rate of magic regeneration.
   Regen:     It increases your rate of health regeneration.
   Will:      It increases your willpower.
 i - the cursed amulet of the Prescient Pleiades (around neck) {Spirit, Comp, Melee}
   (You found it on level 1 of the Dungeon)

   [amulet of guardian spirit]

   It causes incoming damage to be divided between your reserves of health and
   magic.
   It has a curse which improves the following skills: Companions: Summonings
   and Necromancy.
   Melee Combat: Short Blades, Long Blades, Axes, Maces & Flails, Polearms,
   Staves and Unarmed Combat.
 q - a +6 ring of intelligence
 w - a ring of wizardry
Wands
 v - a wand of flame (30)
Scrolls
 j - 3 scrolls of teleportation
 l - a scroll of blinking
 r - 3 scrolls of fog
 z - a scroll of enchant weapon
 A - 2 scrolls of magic mapping
 C - a scroll of fear
Potions
 g - a potion of might
 k - 3 potions of flight
 m - 5 potions of invisibility
 n - a potion of ambrosia
 p - 5 potions of curing
 s - a potion of cancellation
 u - 2 potions of resistance
 x - a potion of brilliance


   Skills:
 + Level 6.1(9.9) Fighting
 - Level 6.3(10.1) Long Blades
 - Level 10.2(14.0) Polearms
 - Level 2.0(3.5) Throwing
 + Level 8.2(11.2) Armour
 + Level 5.5(7.4) Dodging


You had 11 spell levels left.
You didn't know any spells.
Your spell library contained the following spells:

 Spells                   Type           Power      Damage    Failure   Level
 Blink                    Tloc           0%         N/A       98%         2
 Manifold Assault         Tloc           0%         N/A       100%        5
 Storm Form               Tmut/Air       Unusable   N/A       N/A         7

Dungeon Overview and Level Annotations

Branches:
Dungeon (9/15)             Temple (1/1) D:4            Lair (0/6) D:9
 Bailey (visited)
    Orc: D:9-12

Altars:
Ashenzari
Cheibriados
Dithmenos
Elyvilon
Fedhas
Gozag
Hepliaklqana
Kikubaaqudgha
Makhleb
Nemelex Xobeh
Ru
Sif Muna
Trog
Uskayaw
Vehumet
Wu Jian
Xom
Yredelemnul
Zin
The Shining One

Shops:
D:1 [   D:5 [*?[


Innate Abilities, Weirdness & Mutations

You thrive by killing the living.
You are immune to poison.
You have sharp fingernails.
Your flesh is cold resistant. (rC+)
You are immune to negative energy. (rN+++)
You do not regenerate when monsters are visible.
You are immune to unholy pain and torment.


Message History

The smoke demon disappears in a puff of smoke!
Things that are here:
a +0 long sword; a +0 chain mail Unknown command.
You reach down and open the door.
The kobold demonologist burns!
The death knight barely misses the kobold demonologist.
The kobold demonologist hits the death knight but does no damage.
You hear a shout!
The kobold demonologist burns!
The death knight hits the kobold demonologist with a +0 glaive!
The kobold demonologist barely misses the death knight.
The tengu conjurer mumbles some strange words.
The death knight hits the kobold demonologist with a +0 glaive!
The kobold demonologist dies!
There is an open door here.
Unknown command.
The death knight barely misses you.
A battlesphere comes into view.
Reach: a) +6 trident "Astrological Seeker" {elec, Fragile rCorr Int+5 Dex+4, Cun, Self} (curse)
Press: ? - help, Dir - move target, f - death knight
Aim: a death knight, wielding a +0 glaive and wearing a +0 chain mail (lightly wounded, fast, strong, frenzied and insane, about 27% to evade the cursed +6 trident "Astrological Seeker")
You reach to attack!
You hit the death knight but do no damage.
The death knight is lightly wounded.
The death knight completely misses you.
The tengu conjurer casts a spell at you.
The bolt of lightning misses you.
Unknown command.
The death knight hits the battlesphere with a +0 glaive!!
The battlesphere is destroyed!
Things that are here:
a +0 long sword; a +0 chain mail The death knight hits you from afar with a +0 glaive!! x2
* * * LOW HITPOINT WARNING * * *
The tengu conjurer gestures at you while chanting.
The bolt of lightning hits you!!
* * * LOW HITPOINT WARNING * * *
There is a stone staircase leading up here.
The death knight hits you from afar with a +0 glaive.
You die...

,.....)##...PPPP.P,
, ,,
,#...#.....^...P..
,, , ,*
...#...........P.,
, *
..#(........PP... ,
,, , ,
,*...#..°......PP.P
,,, ,
#..Q#.)..[....PP.,
, ,, ,
,........p†..P..P.
, ,, ,,,
,,#.....).†#!, , ,,
,, * *...#..#'#)@#.
, * ,,
..$#.#.#.##.*, , *,
, ,, ... .#.#.##. *
*, ,*,., , #.#)# ,
, *, , ,,,,,,#.#.#
**, , , *
,**,,*#.#.., * *,*
,, ,,,, ..### * *,*
* * #.. ,, , , , *
* * *


You could see a tengu conjurer and a neutral death knight (fast, strong,
insane).

Vanquished Creatures
  An orc warlord (Bailey)
  A catoblepas (D:8)
  An orc knight (Bailey)
  Psyche (D:8)
  Sigmund (D:2)
  2 wyverns (D:8)
  7 yaks
  A steam dragon (D:8)
  Duvessa (D:7)
  6 water moccasins
  4 orc warriors
  An ice beast (D:7)
  An ogre (D:4)
  A black bear (D:4)
  2 sky beasts
  A hornet zombie (D:8)
  4 centaurs
  A phantom (D:5)
  A kobold brigand (D:9)
  2 bullfrogs
  Dowan (D:7)
  A water moccasin skeleton (D:5)
  A wight (D:9)
  A bullfrog zombie (D:5)
  2 centaur zombies
  5 hounds
  A jelly (D:7)
  An orc priest (D:7)
  5 iguanas
  2 orc wizards
  A scorpion zombie (D:5)
  2 hound skeletons
  4 howler monkey zombies
  8 adders
  11 gnolls
  A white imp (D:6)
  A worm (D:2)
  3 dart slugs
  14 orcs
  8 ball pythons
  6 bats
  7 endoplasms
  3 giant cockroaches
  7 goblins
  10 hobgoblins
  8 jackals
  5 quokkas
  2 frilled lizards (D:1)
  11 kobolds
  3 rats (D:1)
175 creatures vanquished.

Vanquished Creatures (collateral kills)
  A centaur warrior (D:9)
  A two-headed ogre (D:8)
  A kobold demonologist (D:9)
  3 steam dragons
  A centaur (D:7)
  A wight (D:9)
  An orc priest (D:7)
  A goblin (D:8)
  5 kobolds (Bailey)
15 creatures vanquished.

Vanquished Creatures (others)
  18 fungi (D:9)
  17 plants (D:9)
35 creatures vanquished.

Grand Total: 225 creatures vanquished

Notes
Turn   | Place    | Note
-------+----------+-------------------------------------------
     0 | D:1      | RighteousDevil the Ghoul Gladiator began the quest for the
                  | Orb.
     0 | D:1      | Reached XP level 1. HP: 17/17 MP: 0/0
   209 | D:1      | Reached XP level 2. HP: 21/25 MP: 1/1
   440 | D:1      | Found a faded altar of an unknown god.
   498 | D:1      | Prayed at the altar of an unknown god.
   498 | D:1      | Became a worshipper of Ashenzari the Shackled
   715 | D:1      | Found Xuvur's Antique Armour Emporium.
   856 | D:1      | Reached XP level 3. HP: 24/30 MP: 2/2
  1239 | D:2      | Reached skill level 1 in Armour
  1415 | D:2      | Noticed Sigmund
  1437 | D:2      | Killed Sigmund
  1438 | D:2      | Reached XP level 4. HP: 6/37 MP: 1/3
  1438 | D:2      | Reached XP level 5. HP: 7/42 MP: 1/4
  1456 | D:2      | Reached XP level 6. HP: 10/50 MP: 2/5
  2129 | D:2      | Reached * piety under Ashenzari
  3046 | D:4      | Noticed a sky beast
  3076 | D:4      | Killed a sky beast
  3077 | D:4      | Reached skill level 5 in Long Blades
  3337 | D:4      | Reached XP level 7. HP: 34/57 MP: 3/6
  4395 | D:4      | Found a staircase to the Ecumenical Temple.
  4559 | D:5      | Entered Level 5 of the Dungeon
  4637 | D:4      | HP: 2/57 [water moccasin (7)]
  4640 | D:4      | Reached skill level 5 in Armour
  4944 | Temple   | Entered the Ecumenical Temple
  5122 | D:5      | Reached XP level 8. HP: 62/63 MP: 5/7
  5148 | D:5      | Found Apiyn's Armour Emporium.
  5184 | D:5      | Found Bofinot's Antique Armour Boutique.
  5184 | D:5      | Identified the +0 leather armour of Love and Death {+Inv}
  5331 | D:5      | Found Mifulop's Magic Scroll Boutique.
  5334 | D:5      | Identified the +6 trident "Busuak" {elec, Fragile rCorr
                  | Int+5 Dex+4}
  5350 | D:5      | Reached ** piety under Ashenzari
  5503 | D:5      | Reached skill level 1 in Polearms
  5796 | D:5      | Reached skill level 2 in Polearms
  5863 | D:5      | Found Tick's General Store.
  6211 | D:5      | Reached skill level 3 in Polearms
  6890 | D:7      | Reached skill level 4 in Polearms
  6918 | D:7      | Reached XP level 9. HP: 31/71 MP: 2/8
  6922 | D:7      | Reached skill level 5 in Polearms
  7182 | D:7      | Noticed Duvessa
  7192 | D:7      | Noticed Dowan
  7195 | D:7      | Killed Duvessa
  7202 | D:7      | Killed Dowan
  7234 | D:7      | Found a snail-covered altar of Cheibriados.
  7271 | D:7      | Reached *** piety under Ashenzari
  7390 | D:7      | Reached skill level 6 in Polearms
  7440 | D:5      | Bought a +1 pair of boots of flying for 231 gold pieces
  7588 | D:7      | Found an opulent altar of Gozag.
  7588 | D:7      | Found a sparkling altar of Nemelex Xobeh.
  7729 | D:8      | Reached skill level 7 in Polearms
  7746 | D:8      | Reached skill level 8 in Polearms
  7853 | D:8      | Found an ancient bone altar of Kikubaaqudgha.
  7861 | D:8      | Reached XP level 10. HP: 56/80 MP: 7/9
  8013 | D:8      | Found a flagged portal.
  8031 | Bailey   | Entered a bailey
  8102 | Bailey   | Reached skill level 9 in Polearms
  8102 | Bailey   | Noticed an orc warlord
  8102 | Bailey   | Identified a scroll of acquirement
  8102 | Bailey   | Identified the amulet "Duum" {RegenMP Will+ Regen+}
  8225 | Bailey   | Noticed an orc knight
  8295 | Bailey   | Killed an orc knight
  8846 | Bailey   | Found a runed translucent gate.
  8846 | Bailey   | Found a runed translucent gate.
  8854 | Bailey   | Found a runed translucent gate.
  8864 | Bailey   | Reached **** piety under Ashenzari
  9083 | Bailey   | Acquired 629 gold pieces
  9122 | Bailey   | Killed an orc warlord
  9123 | Bailey   | Reached skill level 10 in Polearms
  9304 | D:1      | Bought a glowing cloak for 195 gold pieces
  9309 | D:1      | Bought a pair of dazzling boots for 247 gold pieces
  9309 | D:1      | Identified the +1 pair of boots of Xounaerch {Slay+5} (You
                  | bought it in a shop on level 1 of the Dungeon)
  9309 | D:1      | Bought a faintly glowing chain mail for 247 gold pieces
  9309 | D:1      | Identified the +0 chain mail "Hogakhliba" {Will+} (You
                  | bought it in a shop on level 1 of the Dungeon)
  9610 | D:8      | Found a burning altar of Makhleb.
  9813 | D:8      | Identified the +7 spear of Destiny {elec, Int+2}
  9962 | D:8      | Noticed Psyche
  9967 | D:8      | Killed Psyche
 10018 | D:9      | Noticed a catoblepas
 10076 | D:9      | Noticed a two-headed ogre
 10088 | D:8      | Killed a two-headed ogre
 10089 | D:8      | Reached XP level 11. HP: 85/95 MP: 8/10
 10093 | D:8      | Killed a catoblepas
 10094 | D:8      | Reached skill level 5 in Fighting
 10188 | D:9      | Noticed a death knight
 10192 | D:9      | Noticed a centaur warrior
 10193 | D:9      | Reached skill level 5 in Dodging
 10199 | D:9      | Killed a centaur warrior
 10214 | D:9      | HP: 3/99 [tengu conjurer/bolt of lightning (20)]
 10215 | D:9      | Slain by a death knight

Illustrated notes

Levels and vault maps discovered:
D:1:      minmay_arrival_wavy_path, layout_basic, serial_shops, shop_statue,
          ebering_ecumenical_altar_hall
D:2:      layout_loops_ring, minmay_statues_item, lemuel_old_faithful,
          uniq_sigmund
D:3:      layout_basic, mainiacjoe_overflow_cross_hatched
D:4:      layout_layer_cave, minmay_temple_entry_hall
D:5:      layout_layer_cave, mainiacjoe_overflow_concentric_impassable,
          serial_shops, nicolae_shop_stone, nicolae_shop_statue_plus,
          nicolae_shop_temple_entry_statues_fountains, shop, kennysheep_path_1,
          grunt_ministairs_1
D:6:      layout_loops_ring
D:7:      layout_basic, grunt_temple_overflow_opulence,
          mainiacjoe_overflow_brackets, minmay_misc_feat_cross,
          nicolae_concentric_dashed_squares_mild, grunt_ministairs_10,
          uniq_duvessa
D:8:      layout_loops_cross, nicolae_overflow_crystal_walls, bloody_makhleb,
          enter_bailey_4, uniq_psyche
D:9:      cheibrodos_fzero, layout_basic, mainiacjoe_overflow_swirl,
          due_lair_maze_entry_diamond, grunt_ogre_cave
Temple:   dshaligram_water_room_temple

Skill      XL: |  1  2  3  4  5  6  7  8  9 10 11 |
---------------+----------------------------------+-----
Throwing       | 2 |  2.0
Long Blades    | 3 4 5 6 |  6.3
Armour         | 3 4 5 6 7 8 |  8.2
Polearms       | 4 8 10 | 10.2
Fighting       | 4 6 |  6.1
Dodging        | 4 5 |  5.5

Action                   |  1- 3 |  4- 6 |  7- 9 | 10-12 || total
-------------------------+-------+-------+-------+-------++-------
Melee: Long sword        |   120 |   126 |    75 |       ||   321
       Punch             |     1 |     1 |       |       ||     2
       Trident           |       |       |   177 |   160 ||   337
Throw: Throwing net      |     3 |     1 |     2 |     2 ||     8
       Javelin           |       |     6 |     6 |     5 ||    17
Invok: Curse Item        |     1 |     1 |     3 |     1 ||     6
Evoke: Wand              |       |       |       |    11 ||    11
  Use: Potion            |       |     2 |       |       ||     2
       Scroll            |       |     1 |     1 |     3 ||     5
 Stab: Held in net/web   |       |     1 |       |       ||     1
       Distracted        |       |       |       |     1 ||     1
Armor: Leather armour    |    14 |       |       |       ||    14
       Ring mail         |    28 |       |       |       ||    28
       Scale mail        |     1 |    80 |    93 |    13 ||   187
       Chain mail        |       |       |       |    41 ||    41
Dodge: Dodged            |    93 |    63 |   153 |    65 ||   374
